 Seeded DCSS version 0.30.1 (webtiles) character file.

Game seed: 6351066067085065685 (custom seed)

53 Esekla the Grave Robber (level 3, -2/19 HPs)
             Began as a Deep Elf Necromancer on July 6, 2023.
             Was an Initiate of Vehumet.
             Slain by a black bear (8 damage)
             ... on level 2 of the Dungeon.
             The game lasted 00:08:02 (982 turns).

Esekla the Grave Robber (Deep Elf Necromancer)       Turns: 982, Time: 00:08:02

Health: -2/19      AC:  3    Str:  5    XL:     3   Next: 62%
Magic:  1/10       EV: 13    Int: 21    God:    Vehumet [......]
Gold:   91         SH:  0    Dex: 15    Spells: 5/9 levels left

rFire   . . .        f - +1 dagger (drain)
rCold   . . .        (no shield)
rNeg    . . .        a - +0 robe
rPois   .            (no helmet)
rElec   .            (no cloak)
rCorr   .            i - +0 pair of gloves
SInv    .            (no boots)
Will    .....        (no amulet)
Stlth   ++           (no ring)
HPRegen 0.23/turn    (no ring)
MPRegen 0.12/turn

%: no passive effects
@: no status effects
A: no striking features
a: Renounce Religion


You were on level 2 of the Dungeon.
You worshipped Vehumet.
Vehumet was noncommittal.
You visited 1 branch of the dungeon, and saw 4 of its levels.

You collected 91 gold pieces.

Inventory:

Hand Weapons
 f - a +1 dagger of draining (weapon)
Armour
 a - a +0 robe (worn)
 i - a +0 pair of gloves (worn)
Wands
 k - a wand of roots (9)
Scrolls
 c - a scroll of identify {unknown}
 e - a scroll of fear {unknown}
 l - a scroll of blinking {unknown}
 n - a scroll of fog {unknown}
Potions
 b - a potion of magic
 d - a potion of ambrosia {unknown}
 g - 2 potions of attraction {unknown}
 h - a potion of curing {unknown}
 j - a potion of haste {unknown}
 m - 2 potions of brilliance {unknown}
 o - a potion of heal wounds {unknown}


   Skills:
 + Level 0.5 Short Blades
 * Level 3.2 Dodging
 + Level 2.9 Stealth
 * Level 3.5 Spellcasting
 * Level 5.5 Necromancy


You had 5 spell levels left.
You knew the following spells:

 Your Spells              Type           Power      Damage    Failure   Level
a - Necrotise             Necr           100%       1d9       1%          1
d - Vampiric Draining     Necr           26%        2d7       4%          3

Your spell library contained the following spells:

 Spells                   Type           Power      Damage    Failure   Level
 Animate Dead             Necr           26%        N/A       13%         4
 Lesser Beckoning         Tloc           6%         N/A       19%         2
 Gell's Gravitas          Tloc           3%         N/A       36%         3
 Teleport Other           Tloc           3%         N/A       36%         3
 Agony                    Necr           26%        N/A       36%         5


Dungeon Overview and Level Annotations

Branches:
Dungeon (4/15)
 Temple: D:4-7

Altars:
Vehumet

Shops:
D:2 =


Message History

The black bear claws you but does no damage.
Casting: Vampiric Draining (quite dangerous; 4% risk of failure)
Confirm with . or Enter, or press ? or * to list all spells.
The spell is quite dangerous to miscast (4% risk of failure)!
Continue anyway?
Aiming: Vampiric Draining (quite dangerous; 4% risk of failure)
Press: ? - help, Shift-Dir - straight line, f - black bear
Aim: a black bear You draw life force from the black bear!
You feel life coursing into your body. The black bear misses you.
The black bear barely misses you.
The black bear claws you but does no damage.
You hit the black bear. You drain the black bear.
The black bear is heavily wounded.
The black bear bites you. The black bear barely misses you.
The black bear claws you.
Casting: Vampiric Draining (quite dangerous; 4% risk of failure)
Confirm with . or Enter, or press ? or * to list all spells.
The spell is quite dangerous to miscast (4% risk of failure)!
Continue anyway?
Aiming: Vampiric Draining (quite dangerous; 4% risk of failure)
Press: ? - help, Shift-Dir - straight line, f/p - black bear
Aim: a black bear (heavily wounded, lightly drained)
You draw life force from the black bear!
You feel life coursing into your body.
The black bear goes berserk!
You hit the black bear.
The black bear is severely wounded.
The black bear barely misses you. The black bear claws you. x2
Casting: Vampiric Draining (quite dangerous; 4% risk of failure)
Confirm with . or Enter, or press ? or * to list all spells.
The spell is quite dangerous to miscast (4% risk of failure)!
Continue anyway?
Aiming: Vampiric Draining (quite dangerous; 4% risk of failure)
Press: ? - help, Shift-Dir - straight line, f/p - black bear
Aim: a black bear (severely wounded, berserk, lightly drained)
You draw life force from the black bear.
You feel life coursing into your body. The black bear barely misses you.
The black bear claws you. The black bear misses you. The black bear bites you!
The black bear claws you. x2
You closely miss the black bear. You punch the black bear.
The black bear is almost dead.
The black bear bites you!
You die...

#.##........#
#.##..#####.#
#.##..#####.###
#.##<.........#
..##........).#
#.##.######.#.####.$.
...#..........h....#
########h#.######
#@#.# #.#.# ..#.#
####.# #.# #.# #.#


You could see a black bear (berserk, drained).

Vanquished Creatures
  A gnoll (D:2)
  An adder (D:2)
  A dart slug (D:1)
  5 ball pythons (D:1)
  4 endoplasms
  5 goblins
  A hobgoblin (D:1)
  A quokka (D:1)
  3 bats
  3 frilled lizards
  4 kobolds
  A rat (D:2)
30 creatures vanquished.

Notes
Turn   | Place    | Note
-------+----------+-------------------------------------------
     0 | D:1      | Esekla the Deep Elf Necromancer began the quest for the
                  | Orb.
     0 | D:1      | Reached XP level 1. HP: 10/10 MP: 6/6
   148 | D:1      | Reached skill level 5 in Necromancy
   244 | D:1      | Reached XP level 2. HP: 15/15 MP: 8/8
   377 | D:4      | Found a radiant altar of Vehumet.
   381 | D:4      | Became a worshipper of Vehumet
   607 | D:2      | Found Renulab's Jewellery Shop.
   754 | D:1      | Reached XP level 3. HP: 17/19 MP: 9/9
   806 | D:1      | Learned a level 3 spell: Vampiric Draining
   968 | D:2      | Noticed a black bear
   982 | D:2      | Slain by a black bear

Illustrated notes

Levels and vault maps discovered:
D:1:      sevenhm_arrival_forest_fort_small_3, layout_rooms,
          chequers_serial_rivers_room_b, minmay_misc_feat_five
D:2:      layout_loops_ring, dreamdust_ecumenical_altar_angels_and_demons,
          serial_shops, shop
D:3:      layout_basic, grunt_temple_overflow_open, minmay_misc_feat_iff
D:4:      layout_basic, nicolae_overflow_quartered_altars, serial_shops,
          nicolae_diamond_shop

Skill      XL: |  1  2  3 |
---------------+----------+-----
Necromancy     | 5 |  5.5
Dodging        | 3 |  3.2
Short Blades   | |  0.5
Stealth        | |  2.9
Spellcasting   | |  3.5

Action                     || total
---------------------------++-------
  Melee: Unarmed           ||     9
         Dagger            ||    78
         Short sword       ||     8
         Punch             ||     2
   Cast: Vampiric Draining ||     5
   Stab: Sleeping          ||     5
 Armour: Robe              ||    18
  Dodge: Dodged            ||    53
